Map: Undead Assault Chronicles: KR

Players

나비

  • Race: Terran Terran

비타민

  • Race: Terran Terran

한쿸인

  • Race: Terran Terran

bonobono

  • Race: Terran Terran

iphone

  • Race: Terran Terran

미군

  • Race: Terran Terran

Undead

  • Race: Zerg Zerg

PMC

  • Race: Terran Terran

VOD

Have the link to the VOD?

Description

Time

  • Played on: Feb. 23, 2024, 2:52 p.m.
  • Length: 37:26
Show
View Real Time Build Order
Export as new Build Order

나비 Terran 

Build Orders:  

Get SALT Encoding   

    0:00  Unknown x4  
    0:41  Unknown x3  
    1:12  Unknown  
    1:36  Unknown x2  
    1:47  Unknown  
    2:01  Unknown  
    11:24  Unknown  
    20:08  Unknown  
    21:27  Unknown  
    22:36  Unknown  
    23:03  Unknown  
    23:11  Unknown  
    25:47  Unknown  
    26:17  Unknown  
    29:20  Unknown  
    31:28  Unknown  
    31:50  Unknown  
    32:48  Unknown  
    33:13  Unknown  
    33:35  Unknown  
    34:05  Unknown  
    34:28  Unknown  
    35:13  Unknown  
    35:36  Unknown  
    35:58  Unknown  
    36:23  Unknown  
    36:50  Unknown  
    37:13  Unknown  
Show
View Real Time Build Order
Export as new Build Order

비타민 Terran 

Build Orders:  

Get SALT Encoding   

    0:00  Unknown x6  
    0:40  Unknown x8  
    1:12  Unknown  
    1:16  Unknown x2  
    1:54  Unknown  
    2:51  Unknown  
    3:37  Unknown  
    5:21  Unknown  
    6:59  Unknown  
    7:11  Unknown  
    8:00  Unknown  
    8:14  Unknown  
    9:15  Unknown  
    12:03  Unknown  
    12:19  Unknown  
    12:23  Unknown  
    12:50  Unknown  
    13:07  Unknown  
    15:25  Unknown  
    15:42  Unknown  
    21:27  Unknown  
    31:32  Unknown  
Show
View Real Time Build Order
Export as new Build Order

한쿸인 Terran 

Build Orders:  

Get SALT Encoding   

    0:00  Unknown x4  
    1:12  Unknown  
    1:28  Unknown x2  
    8:12  Unknown  
    8:16  Unknown  
    9:11  Unknown  
    12:19  Unknown  
    12:31  Unknown  
    13:01  Unknown  
    13:55  Unknown  
    14:46  Unknown  
    15:37  Unknown  
    15:42  Unknown  
    17:25  Unknown  
    17:29  Unknown  
    17:34  Unknown  
    21:27  Unknown  
    31:42  Unknown  
Show
View Real Time Build Order
Export as new Build Order

bonobono Terran 

Build Orders:  

Get SALT Encoding   

    0:00  Unknown x3  
    1:12  Unknown  
    1:13  Unknown x2  
    4:05  Unknown  
    4:52  Unknown  
    6:58  Unknown  
    21:27  Unknown  
    31:33  Unknown  
Show
View Real Time Build Order
Export as new Build Order

iphone Terran 

Build Orders:  

Get SALT Encoding   

    0:00  Unknown x6  
    0:45  Unknown x11  
    1:12  Unknown x3  
    1:15  Unknown  
    1:16  Unknown  
    1:22  Unknown  
  2  2:15  Unknown  
  2  2:16  Unknown  
  2  2:46  Unknown  
  2  3:28  Unknown  
  3  3:41  Unknown  
  3  4:26  Unknown  
  4  4:38  Unknown  
  4  5:35  Unknown  
  5  6:04  Unknown  
  5  6:36  Unknown x2  
  5  6:40  Unknown  
  5  6:41  Unknown  
  5  7:15  Unknown  
  5  7:51  Unknown  
  5  7:52  Unknown  
  6  8:09  Unknown  
  7  8:25  Unknown  
  7  8:28  Unknown  
  7  8:49  Unknown  
  7  9:28  Unknown  
  7  10:52  Unknown  
  7  11:13  Unknown  
  7  12:02  Unknown  
  7  12:14  Unknown  
  7  13:15  Unknown  
  7  13:18  Unknown  
  8  13:41  Unknown  
  8  14:13  Unknown  
  8  15:36  Unknown  
  8  15:37  Unknown  
  8  16:00  Unknown  
  8  18:06  Unknown  
  8  19:46  Unknown  
  8  19:49  Unknown  
  8  20:20  Unknown x2  
  8  20:36  Unknown  
  8  21:27  Unknown  
  8  22:03  Unknown x2  
  8  22:26  Unknown  
  8  22:27  Unknown  
  8  22:43  Unknown  
  8  22:45  Unknown  
  8  22:47  Unknown  
  8  22:48  Unknown  
  8  22:51  Unknown  
  8  23:10  Unknown  
  8  25:28  Unknown  
  8  25:29  Unknown  
  8  25:33  Unknown  
  8  26:39  Unknown  
  8  26:56  Unknown x2  
  8  27:00  Unknown  
  8  28:32  Unknown  
  8  28:50  Unknown  
  8  29:38  Unknown x2  
  7  30:04  Unknown  
  7  30:16  Unknown  
  8  30:39  Unknown x2  
  8  31:13  Unknown x2  
  8  31:38  Unknown  
  8  31:39  Unknown  
  8  31:53  Unknown  
  7  32:05  Unknown x2  
    33:56  Unknown x2  
    33:57  Unknown  
    34:33  Unknown  
  1  34:39  Unknown  
    36:09  Unknown  
  1  36:40  Unknown  
Show
View Real Time Build Order
Export as new Build Order

미군 Terran 

Build Orders:  

Get SALT Encoding   

Show
View Real Time Build Order
Export as new Build Order

Undead Zerg 

Build Orders:  

Get SALT Encoding   

Show
View Real Time Build Order
Export as new Build Order

PMC Terran 

Build Orders:  

Get SALT Encoding   

Tags
 
Add a new tag
Caveats
  • Supply blocks, unpowered buildings, or Contaminate may cause inaccurate times.
  • Supply counts are checked every 10 seconds.